Cogmind - Beta 13 @@@ ROGUE MODE // 2024.05.30 @ 18:33:49 Player: Bace Troncons Result: Destroyed by PK-GMC(R) with Subdweller Machine Gun Performance ------------- Evolutions (0) 0 Regions Visited (2) 400 Robots Destroyed (13) 65 Value Destroyed (527) 527 Prototype IDs (0) 0 Alien Tech Used (0) 0 Bonus (0) 0 TOTAL SCORE: 992 Bonus ------- None Cogmind --------- Core Integrity 0/250 Matter 213/300 Energy 99/100 System Corruption 0% Temperature Cool (0) Movement Core (150) Ox2 Location -10/Subcaves Parts ------- > --- POWER (1) -------- (None) > --- PROPULSION (2) --- (None) > --- UTILITY (2) ------ Small Storage Unit > --- WEAPON (2) ------- Subdweller Machine Gun > --- INVENTORY (8) ---- Cargo Legs Light Assault Rifle Subdweller Machine Gun Subdweller Machine Gun Multitool Peak State ------------ > --- POWER ------------ (None) > --- PROPULSION ------- Light Treads Spiked Treads > --- UTILITY ---------- Small Storage Unit > --- WEAPON ----------- Battle Rifle Makeshift Shrapnel Gun > --- INVENTORY -------- Cargo Legs Light Assault Rifle Subdweller Machine Gun Subdweller Machine Gun Subdweller Machine Gun Multitool [Rating: 12] Favorites ----------- Power Light Ion Engine Engine Light Ion Engine Propulsion Light Treads Treads Light Treads Utility Small Storage Unit Storage Small Storage Unit Weapon Light Assault Rifle Ballistic Gun Light Assault Rifle Build | -11 -10 -10 ------- Run | Yrd Mat Sub Slots Evolved . | . . . Power . | . . . Propulsion . | . . . Utility . | . . . Weapon . | . . . Parts Attached 15 | 7 . 8 Power 2 | 1 . 1 Engine 2 | 1 . 1 Core . | . . . Reactor . | . . . Propulsion 4 | 2 . 2 Treads 4 | 2 . 2 Leg . | . . . Wheel . | . . . Hover . | . . . Flight . | . . . Utility 1 | 1 . . Device . | . . . Storage 1 | 1 . . Processor . | . . . Hackware . | . . . Protection . | . . . Artifact . | . . . Weapon 8 | 3 . 5 Energy Gun . | . . . Energy Cannon . | . . . Ballistic Gun 8 | 3 . 5 Ballistic Cannon . | . . . Launcher . | . . . Special Weapon . | . . . Impact Weapon . | . . . Slashing Weapon . | . . . Piercing Weapon . | . . . Special Melee Weapon . | . . . Unidentified Prototypes . | . . . Parts Lost 7 | . . 7 Power 2 | . . 2 Propulsion 2 | . . 2 Utility . | . . . Weapon 3 | . . 3 Highest Loss Streak 2 | . . 2 To Critical Strikes . | . . . Average Slot Usage (%) 75 | . 85 72 Engine 7 | . 14 4 Treads 25 | . 28 25 Storage 14 | . 14 14 Ballistic Gun 27 | . 28 27 Naked Turns . | . . . Heaviest Build 11 | 11 11 11 Greatest Support 40 | 40 40 40 Greatest Overweight (x) 2 | . . 2 Average Overweight (x) . | . . . Largest Inventory Capacity 8 | 8 8 8 Average Capacity 7 | 6 8 8 Most Carried 8 | 4 5 8 Average Carried 6 | 2 4 6 Final Capacity 8 | 8 8 8 Final Carried 6 | 4 5 6 Class Distribution -------------------- 100% | Mutant Dominant Class ---------------- Mutant | -10/Materials Mutant | -10/Subcaves Resources | -11 -10 -10 ----------- Run | Yrd Mat Sub Matter Collected 566 | 227 . 339 Remotely . | . . . Salvage Created 531 | . . 531 Parts 36 | . . 36 Haulers Intercepted . | . . . Recyclers Shooed . | . . . Parts Field Recycled . | . . . Retrieved Matter . | . . . Parts Self-Destructed 10 | . . 10 Prevented . | . . . Kills | -11 -10 -10 ------- Run | Yrd Mat Sub Combat Hostiles Destroyed 13 | . . 13 Guns 13 | . . 13 Classes Destroyed 2 | . . 2 Grunt 1 | . . 1 Subdweller 12 | . . 12 Best Kill Streak 3 | . . 3 Combat Bots Only 3 | . . 3 Max Kills in Single Turn 1 | . . 1 Gunslinging . | . . . Exploded . | . . . Melee . | . . . Uniques/NPCs Destroyed . | . . . Combat | -11 -10 -10 -------- Run | Yrd Mat Sub Hostile Shots Fired 69 | . . 69 Missed 14 | . . 14 Damage Taken 1215 | . . 1215 Core 267 | . . 267 Absorbed by Shields . | . . . Core Remaining (%) 100 | 100 . . Volleys Fired 71 | . . 71 Largest 2 | . . 2 Hottest 55 | . . 55 Shots Fired 139 | . . 139 Gun 139 | . . 139 Cannon . | . . . Launcher . | . . . Special . | . . . Kinetic 139 | . . 139 Thermal . | . . . Explosive . | . . . Electromagnetic . | . . . Robot Hit Streak 16 | . . 16 Robot Miss Streak 3 | . . 3 Penetration Max . | . . . Secondary Targets 1 | . . 1 Max Gunslinging Chain 1 | . . 1 Shots Hit Robots 90 | . . 90 Core Hits 31 | . . 31 Critical Kills . | . . . Critical Parts Destroyed . | . . . Critical Strikes 2 | . . 2 Destroy 2 | . . 2 Melee Attacks . | . . . Impact . | . . . Slashing . | . . . Piercing . | . . . Sneak Attacks . | . . . Combat Hostiles . | . . . Follow-up Attacks . | . . . Damage Inflicted 1251 | . . 1251 Guns 1251 | . . 1251 Cannons . | . . . Explosions . | . . . Melee . | . . . Ramming . | . . . Kinetic 1251 | . . 1251 Thermal . | . . . Explosive . | . . . Electromagnetic . | . . . Impact . | . . . Slashing . | . . . Piercing . | . . . Highest Corruption . | . . . Average Corruption . | . . . Corruption Purged . | . . . Corruption Blocked . | . . . Overload Shots . | . . . Overflow Damage . | . . . Projectiles . | . . . Explosions . | . . . Melee . | . . . Knockbacks . | . . . Impact . | . . . Kinetic . | . . . Secondary . | . . . Self-Inflicted Damage . | . . . Shots . | . . . Rammed . | . . . Targets Rammed . | . . . Kicked . | . . . Crushed . | . . . Highest Temperature . | . . . Average Temperature . | . . . Received Heat Transfer 153 | . . 153 Siege Activations . | . . . Robots Corrupted . | . . . Combat Hostiles . | . . . Parts Fried . | . . . Impact Corruptions . | . . . Robots Melted . | . . . Combat Hostiles . | . . . Parts Melted . | . . . Heat Transferred . | . . . Parts Sabotaged . | . . . Parts Stolen . | . . . Parts Stripped . | . . . Power Chain Reactions . | . . . Alert | -11 -10 -10 ------- Run | Yrd Mat Sub Peak Influence . | . . . Initial . | . . . Average . | . . . Maximum Alert Level . | . . . Low Security (%) 100 | 100 100 . Level 1 . | . . . Level 2 . | . . . Level 3 . | . . . Level 4 . | . . . Level 5 . | . . . High Security . | . . . Max Security . | . . . Squads Dispatched . | . . . Investigation . | . . . Extermination . | . . . Reinforcement . | . . . Assault . | . . . Garrison . | . . . Intercept . | . . . Searches Triggered . | . . . Construction Impeded . | . . . Haulers Reinforced . | . . . Active Scanning Responses . | . . . Cargo Convoy Interrupts . | . . . Stealth | -11 -10 -10 --------- Run | Yrd Mat Sub Distress Signals . | . . . Communications Jammed . | . . . Distress Signals . | . . . Times Spotted 18 | . . 18 Peak Tracking Total 3 | . . 3 Tactical Retreats . | . . . Traps | -11 -10 -10 ------- Run | Yrd Mat Sub Traps Triggered . | . . . Indirectly . | . . . Trap Hack Attempts . | . . . Triggered . | . . . Disarmed . | . . . Reprogrammed . | . . . Reused . | . . . Traps Extracted . | . . . Installed . | . . . Triggered . | . . . Machines | -11 -10 -10 ---------- Run | Yrd Mat Sub Machines Disabled . | . . . Max in Single Turn . | . . . Machines Repaired . | . . . Machines Dismantled . | . . . Machines Sabotaged . | . . . Overloaded Fab Kills . | . . . Hacking | -11 -10 -10 --------- Run | Yrd Mat Sub Machines Accessed 2 | . 1 1 Terminals 1 | . 1 . Fabricators . | . . . Repair Stations . | . . . Recycling Units . | . . . Scanalyzers . | . . . Garrison Access . | . . . Total Hacks 5 | . 1 4 Successful 4 | . . 4 Failed 1 | . 1 . Catastrophic 1 | . 1 . Database Lockouts . | . . . Manual 1 | . 1 . Terminals 1 | . 1 . Fabricators . | . . . Repair Stations . | . . . Recycling Units . | . . . Scanalyzers . | . . . Garrison Access . | . . . Terminal Hacks 4 | . . 4 Record 4 | . . 4 Fabricator Hacks . | . . . Repair Station Hacks . | . . . Recycling Unit Hacks . | . . . Scanalyzer . | . . . Garrison Access Hacks . | . . . Unauthorized Hacks . | . . . Terminals . | . . . Fabricators . | . . . Repair Stations . | . . . Recycling Units . | . . . Scanalyzers . | . . . Garrison Access . | . . . Data Cores Recovered . | . . . Used . | . . . Hacking Detections 1 | . 1 . Full Trace Events . | . . . Feedback Events . | . . . Feedback Blocked . | . . . Robot Schematics Acquired . | . . . Robots Built . | . . . Authchips . | . . . Time . | . . . Total Robot Build Rating . | . . . Part Schematics Acquired . | . . . Parts Built . | . . . Authchips . | . . . Time . | . . . Total Part Build Rating . | . . . Parts Repaired . | . . . Time . | . . . Parts Recycled . | . . . Recycled Matter . | . . . Retrieved Matter . | . . . Retrieved Components . | . . . Parts Scanalyzed . | . . . Part Schematics Acquired . | . . . Parts Damaged . | . . . Bothacking | -11 -10 -10 ------------ Run | Yrd Mat Sub Used RIF Installer . | . . . Robots Hacked . | . . . Non-combat . | . . . Combat . | . . . Robot Hacks Applied . | . . . Relay Couplers Released . | . . . Fabnet Peak Effective % . | . . . Robots Rewired . | . . . Allies Hacked . | . . . Hacks Repelled . | . . . Allies | -11 -10 -10 -------- Run | Yrd Mat Sub Total Allies . | . . . Largest Group . | . . . Highest-Rated Group . | . . . Highest-Rated Ally . | . . . Total Orders . | . . . Ally Attacks . | . . . Total Damage . | . . . Kills . | . . . Allies Corrupted . | . . . Allies Melted . | . . . Intel | -11 -10 -10 ------- Run | Yrd Mat Sub Robot Analysis Total . | . . . Derelict Logs Recovered . | . . . Drone Launches . | . . . Drone Recoveries . | . . . Exploration | -11 -10 -10 ------------- Run | Yrd Mat Sub Turns Passed 2236 | 73 558 1605 Spaces Moved 983 | 39 103 841 Core 81 | 2 . 79 Treads 902 | 37 103 762 Legs . | . . . Wheels . | . . . Hover . | . . . Flight . | . . . Fastest Speed 50 | 50 160 150 Average Speed 158 | 154 160 159 Slowest Speed 160 | 160 160 160 Overloaded Moves . | . . . Propulsion Burnouts . | . . . Robots Hopped . | . . . Cave-ins Triggered . | . . . Exploration Rate (%) 22 | 3 13 52 Regions Visited 2 Branch Regions 1 Pre-discovered Areas 1 | . . 1 Known Exits Taken . | . . . Unknown Exits Taken 2 | 1 1 . Scrap Searched 3 | . . 3 Spaces Dug . | . . . Terrain Destroyed . | . . . Melee . | . . . Projectile . | . . . AOE . | . . . Terrain Rammed . | . . . Walls Destroyed . | . . . Machines Disabled . | . . . Actions | -11 -10 -10 --------- Run | Yrd Mat Sub Total 1533 | 49 496 988 Wait 445 | . 393 52 Move 981 | 38 102 841 Hop . | . . . Pick Up 12 | 4 1 7 Fast Attach 7 | 5 . 2 Attach 3 | 1 . 2 Detach 1 | . . 1 Swap 5 | 1 . 4 Drop 8 | . . 8 Fire 71 | . . 71 Melee . | . . . Ram . | . . . Kick . | . . . Crush . | . . . Escape Stasis . | . . . Rewire . | . . . Trap . | . . . Miscellaneous . | . . . Route ------- -11/Scrapyard -10/Materials -10/Subcaves (discovered 3 exits: *Mat x2 / Rec) History --------- Turn | Location | Event 12 | -11/Scrapyard | Discovered new exit (range 15) 74 | -11/Scrapyard | Entered Materials 303 | -10/Materials | Build established: Mutant 600 | -10/Materials | Discovered new exit (range 4) 632 | -10/Materials | Entered Subcaves 645 | -10/Subcaves | Shifting Twisted Machinery released Sub. Machine Gun 651 | -10/Subcaves | Shifting Twisted Machinery released Sub. Laser 739 | -10/Subcaves | A swath of the cavern ceiling suddenly collapsed 1132 | -10/Subcaves | A Subdweller sparked back to life 1150 | -10/Subcaves | Core integrity fell below 50% 1202 | -10/Subcaves | Found Prototype Leg 1229 | -10/Subcaves | Disturbed a concealed Subdweller 1229 | -10/Subcaves | Disturbed a concealed Subdweller 1793 | -10/Subcaves | Visited Clippyterm 1798 | -10/Subcaves | Identified exit to Materials 1798 | -10/Subcaves | Identified exit to Recycling 1798 | -10/Subcaves | Learned location of Extension (-6) 2092 | -10/Subcaves | Core integrity fell below 20% 2237 | -10/Subcaves | Destroyed by PK-GMC(R) with Subdweller Machine Gun Last Messages --------------- >>Record "Hexidium" It looks like you're searching for the Unchained HQ. I could tell you where it is but then I'd have to kill you. >>Record "Clippyterm" Welcome to Clippyterm v0.53, my misguided attempt to resurrect an ancient AI. I give up. There must be something fundamentally wrong with the algorithm, because no matter how much data I collect to feed it, half the time it still manages to suggest unhelpful sample queries and responses. --DD-NU8 01964_ Acquired 14 matter. 01977_ Acquired 7 matter. 02079_ Spk. Treads destroyed. 02081_ Lgt. Treads destroyed. 02093_ GG-LWY(R) destroyed. 02222_ Mak. Shrapnel Gun destroyed. 02228_ S8-W88(R) destroyed. 02235_ Battle Rifle destroyed. Map ----- +----------------------------------------------------+ | ?????????????????????????????????????????????????? | | ?????????????????????????????????????????????????? | | ?????????????????????????????????????????????????? | | ?????????????????????????????????????????????????? | | ?????????????????????????????????????????????????? | | ?????????????????????????????????????????????????? | | ??????????????????#??????????????????????????????? | | ?????????????????" #?????????????????????????????? | | ????????????????? "#?????????????????????????????? | | ?????????????????"%#?????????????????????????????? | | ??????????????? " "#?????????????????????????????? | | ??????????????? #?????????????????????????????? | | ??????????????? #?????????????????????????????? | | ?????????###??? #?????????????????????????????? | | ????????## "#??# #?????????????????????????????? | | ????????#" ""### ##????????????????????????????? | | ????????#"""""" ""#"#????????????????????????????? | | ????????#" """"#???????????????????? ???????? | | ?????????# """#??????????###?###?? ???????? | | ?????????## # ""############ ## # ???????? | | ??????????# ### # ## ## ## ??????? | | ??????###?#" ## % ?????????? | | ?????## ###" ## # ## #????????????????? | | ?????# " " ########### ##????????????##?? | | ?????# ##???##### ###????????# ??? | | ?????# ## #???# @%R ###????? $ ???? | | ?????#### ##" ###?# ##??? ##???? | | ????????## #### "### < #?? ##??? | | ?????????## #??#" ### ##### ## ## ##?? | | #?????????## ### #?###???####### | | ##?????????# ![! #????????????# # | | ??????????## #???????????### #?? | | #???????????## ###?????>?###?# ##?????# | | ##???????????#" #?????????"""?# #??????? | | #???????????## % #????????? "?# ##??????? | | ##???????????# ##??????? "?### #???????? | | ##?????????## ##?????? ????## #???????? | | #?????????# % #?????? ?????? #???????? | | ##????###?# ##????? ??????? ##???????? | | ###### ### ##??? ###????? #????????? | | ## # ## ##?? %&%####### ????????? | | #### #?? %!%= #?####???????? | | ######## ##### % &* ??????????????? | | # ##### ###% # ## #???????????????